 Dungeon Crawl Stone Soup version 0.29.1-2-gbd0b4ee654 (webtiles) character file.

Game seed: 16312586738135835196

373 sanboga the Cudgeller (level 6, -8/73 HPs)
             Began as a Demonspawn Berserker on Nov 29, 2022.
             Was a Believer of Trog.
             Killed by divine providence
             ... invoked by an orc priest
              (11 damage)
             ... on level 4 of the Dungeon.
             The game lasted 00:04:13 (5154 turns).

sanboga the Cudgeller (Demonspawn Berserker)        Turns: 5154, Time: 00:04:14

Health: -8/73      AC: 10    Str: 19    XL:     6   Next: 43%
Magic:  6/6        EV:  8    Int:  9    God:    Trog [**....]
Gold:   426        SH:  0    Dex: 12    Spells: 5/5 levels left

rFire   . . .      SeeInvis +   a - +0 mace
rCold   . . .      Faith    .   (no shield)
rNeg    . . .      Spirit   .   g - +0 chain mail
rPois   .          Reflect  .   (helmet restricted)
rElec   .          Harm     .   l - +0 cloak
rCorr   .          Rampage  .   (no gloves)
Will    .....                   (no boots)
Stlth   ..........              q - amulet of the acrobat
HPRegen 0.22/turn               i - ring of see invisible
MPRegen 0.10/turn               (no ring)

@: berserking, very quick
A: horns 1, ignite blood 1
a: Renounce Religion, Berserk, Trog's Hand


You were on level 4 of the Dungeon.
You worshipped Trog.
Trog was pleased with you.
You visited 1 branch of the dungeon, and saw 4 of its levels.
You also visited: Ossuary.

You collected 426 gold pieces.

Inventory:

Hand Weapons
 a - a +0 mace (weapon)
Armour
 g - a +0 chain mail (worn)
 l - a +0 cloak (worn)
Jewellery
 i - a ring of see invisible (left hand)
 q - an amulet of the acrobat (around neck)
Scrolls
 c - a scroll of summoning {unknown}
 e - 2 scrolls of identify {unknown}
 h - 2 scrolls of poison {unknown}
 j - 2 scrolls of fear {unknown}
 n - a scroll of magic mapping {unknown}
 r - a scroll of immolation {unknown}
 t - a scroll of enchant armour {unknown}
 y - a scroll of torment {unknown}
 A - a scroll of enchant weapon {unknown}
Potions
 b - 4 potions of heal wounds {unknown}
 d - 2 potions of ambrosia {unknown}
 f - 2 potions of brilliance {unknown}
 k - a potion of might {unknown}
 m - 4 potions of curing {unknown}
 o - a potion of invisibility {unknown}
 p - a potion of mutation {unknown}
 s - a potion of flight {unknown}
 u - a potion of degeneration {unknown}
 v - 2 potions of haste {unknown}
 w - 2 potions of magic {unknown}
 x - a potion of lignification {unknown}
 z - a potion of berserk rage {unknown}


   Skills:
 + Level 4.4 Fighting
 * Level 5.1 Maces & Flails
 + Level 3.4 Armour
 - Level 1.7 Dodging


You had 5 spell levels left.
You didn't know any spells.
Your spell library was empty.

Dungeon Overview and Level Annotations

Branches:
Dungeon (4/15)             Temple (0/1) D:4         Ossuary (visited)

Altars:
Vehumet

Shops:
D:1 (


Innate Abilities, Weirdness & Mutations

You have a pair of small horns on your head.
Your demonic aura sometimes causes spilled blood to erupt in flames.


Message History

The orc hits you with a +0 flail.
You hit the orc. Your headbutt misses the orc.
The orc is moderately wounded.
The orc barely misses you. The orc hits you with a +0 flail.
The orc priest calls down the wrath of Beogh upon you.
Beogh smites you!
The endoplasm is engulfed in blazing flames.
You kill the endoplasm!
Trog accepts your kill.
You hit the orc.
You kill the orc!
Trog accepts your kill.
You thump the orc priest!
The orc priest is severely wounded.
The orc priest invokes the aid of Beogh against you.
Beogh smites you!
* * * LOW HITPOINT WARNING * * *
You are too injured to fight recklessly!
You are too injured to fight recklessly!
You are too injured to fight recklessly!
You are too injured to fight recklessly!
You are too injured to fight recklessly!
A red film seems to cover your vision as you go berserk!
You feel yourself moving faster!
You feel mighty! The orc priest closely misses you.
The orc wizard hits you with a +2 dagger of speed.
* * * LOW HITPOINT WARNING * * *
You hit the orc wizard but do no damage.
Your headbutt misses the orc wizard.
The orc wizard points at you and mumbles some strange words.
The magic dart hits you.
* * * LOW HITPOINT WARNING * * *
The orc priest hits you with a +0 club.
* * * LOW HITPOINT WARNING * * *
You barely miss the orc wizard. Your punch misses the orc wizard.
The orc wizard hits you with a +2 dagger of speed.
* * * LOW HITPOINT WARNING * * *
The orc priest calls down the wrath of Beogh upon you.
Beogh smites you!
You die...

#.....#.
#......
#.....#
....8
#...#
#...
##oo#
#..@##
##...##
#....#
##..##
#..
#...##
#.#
#....##
#.#
#.....##
#.#
##.....#
#.###
##....#
#.[..


You could see an orc priest and an orc wizard (invisible).

Vanquished Creatures
  Menkaure (D:4)
  Terence (D:3)
  An orc wizard (D:4)
  8 mummies (Ossuary)
  An adder (D:3)
  2 worms (D:3)
  3 dart slugs
  6 orcs
  6 ball pythons
  10 bats
  2 endoplasms
  2 giant cockroaches (D:1)
  2 gnoll zombies (Ossuary)
  7 goblins
  4 hobgoblins
  3 kobolds
  7 quokkas
  2 frilled lizards
  A hobgoblin zombie (Ossuary)
  A jackal zombie (D:4)
  3 kobold zombies (Ossuary)
  2 orc zombies (Ossuary)
  2 rats
77 creatures vanquished.

Notes
Turn   | Place    | Note
-------+----------+-------------------------------------------
     0 | D:1      | sanboga the Demonspawn Berserker began the quest for the
                  | Orb.
     0 | D:1      | Reached XP level 1. HP: 18/18 MP: 1/1
   124 | D:1      | Found Gitiof's Weapon Emporium.
   613 | D:1      | Reached skill level 3 in Maces & Flails
   613 | D:1      | Gained mutation: Your demonic aura sometimes causes spilled
                  | blood to erupt in flames. [demonic ancestry]
   613 | D:1      | Reached XP level 2. HP: 13/24 MP: 2/2
  1548 | D:2      | Found a faded altar of an unknown god.
  1570 | D:2      | Reached XP level 3. HP: 29/29 MP: 3/3
  1711 | D:2      | Reached ** piety under Trog
  2101 | D:2      | Found a radiant altar of Vehumet.
  3003 | D:3      | Noticed Terence
  3016 | D:3      | Killed Terence
  3017 | D:3      | Discovered your monstrous ancestry.
  3017 | D:3      | Gained mutation: You have a pair of small horns on your
                  | head. [demonic ancestry]
  3017 | D:3      | Reached XP level 4. HP: 10/35 MP: 4/4
  3667 | D:4      | Found a sand-covered staircase.
  3676 | Ossuary  | Entered an ossuary
  3698 | Ossuary  | Reached skill level 4 in Maces & Flails
  3764 | Ossuary  | Reached XP level 5. HP: 25/42 MP: 5/5
  4773 | D:4      | Noticed Menkaure
  4774 | D:4      | Found a staircase to the Ecumenical Temple.
  4784 | D:4      | Killed Menkaure
  4785 | D:4      | Reached skill level 5 in Maces & Flails
  4785 | D:4      | Reached XP level 6. HP: 6/49 MP: 6/6
  5154 | D:4      | HP: 3/73 [orc wizard/+2 dagger of speed (4)]
  5154 | D:4      | Killed from afar by an orc priest

Illustrated notes

Levels and vault maps discovered:
D:1:      minmay_arrival_three_doors, layout_basic, serial_shops, shop
D:2:      layout_basic, basic_altar, chequers_ecumenical_altar_simple
D:3:      layout_rooms, minmay_fractal_squares_5, uniq_terence
D:4:      layout_rooms, nicolae_tso_carved_into_rock,
          minmay_temple_entry_nine_rooms, enter_ossuary_3,
          minmay_misc_feat_roman, uniq_grinder, uniq_menkaure

Skill      XL: |  1  2  3  4  5 |
---------------+----------------+-----
Maces & Flails | 3 4 5 |  5.1
Armour         | 2 3 |  3.4
Fighting       | 4 |  4.4
Dodging        | |  1.7

Action                   |  1- 3 |  4- 6 || total
-------------------------+-------+-------++-------
Melee: Mace              |   171 |   138 ||   309
       Punch             |     2 |       ||     2
       Headbutt          |       |    23 ||    23
Invok: Berserk           |     1 |     3 ||     4
Armor: Animal skin       |    21 |       ||    21
       Chain mail        |    49 |    91 ||   140
Dodge: Dodged            |   113 |    81 ||   194
